 Dungeon Crawl Stone Soup version 0.23.2-33-g5129a83184 (webtiles) character file.

Game seed: 11424666311693722617

3287 FishyPogo the Ducker (level 9, -15/74 HPs)
             Began as a Green Draconian Skald on Aug 9, 2019.
             Was a Believer of Kikubaaqudgha.
             Demolished by a manticore (23 damage)
             ... on level 8 of the Dungeon.
             The game lasted 00:45:31 (6997 turns).

FishyPogo the Ducker (Green Draconian Skald)        Turns: 6997, Time: 00:45:32

Health: -15/74     AC:  9    Str: 18    XL:     9   Next: 69%
Magic:  2/15       EV: 14    Int: 20    God:    Kikubaaqudgha [**....]
Gold:   430        SH:  9    Dex: 13    Spells: 7/17 levels left

rFire    . . .     SeeInvis .   a - +3 hand axe
rCold    . . .     Gourm    .   z - +0 buckler
rNeg     . . .     Faith    .   (armour unavailable)
rPois    +         Spirit   .   (helmet restricted)
rElec    .         Reflect  +   y - +0 cloak
rCorr    .         Harm     .   (no gloves)
MR       .....                  v - +0 pair of boots
Stlth    ++........             w - +4 amulet of reflection
HPRegen  0.22/turn              B - ring of wizardry
MPRegen  0.14/turn              (no ring)

@: mighty, brilliant, short of breath
A: breathe noxious fumes, unfitting armour, poison resistance, cold-blooded, AC
+7
a: Breathe Noxious Fumes, Receive Corpses, Renounce Religion


You were on level 8 of the Dungeon.
You worshipped Kikubaaqudgha.
Kikubaaqudgha was pleased with you.
You were hungry.

You visited 2 branches of the dungeon, and saw 9 of its levels.

You collected 430 gold pieces.

Inventory:

Hand Weapons
 a - a +3 hand axe (weapon)
 p - a +1 short sword of venom
Missiles
 f - 357 stones (quivered)
 g - 10 tomahawks
 F - 6 javelins
Armour
 v - a +0 pair of boots (worn)
 y - a +0 cloak (worn)
 z - a +0 buckler (worn)
Jewellery
 w - a +4 amulet of reflection (around neck)
 B - a ring of wizardry (left hand)
Wands
 q - a wand of flame (26)
Scrolls
 b - 7 scrolls of identify {unknown}
 e - 5 scrolls of remove curse
 h - 2 scrolls of fear {unknown}
 m - a scroll of immolation {unknown}
 n - 4 scrolls of enchant armour
 s - 2 scrolls of amnesia
 t - 5 scrolls of teleportation
 u - 3 scrolls of fog {unknown}
 x - 3 scrolls of noise {unknown}
 C - a scroll of brand weapon {unknown}
 H - a scroll of enchant weapon {unknown}
Potions
 d - 4 potions of flight {unknown}
 i - 3 potions of magic {unknown}
 j - a potion of berserk rage {unknown}
 k - a potion of cancellation {unknown}
 l - 2 potions of brilliance
 o - 2 potions of heal wounds {unknown}
 D - a potion of curing {unknown}
 E - a potion of mutation {unknown}
 G - 2 potions of lignification {unknown}
Comestibles
 c - 18 rations


   Skills:
 + Level 5.0 Fighting
 + Level 4.0(4.8) Axes
   Level 4.1(4.9) Polearms
 + Level 5.2 Dodging
 - Level 1.1 Stealth
 - Level 4.0 Shields
 * Level 4.5 Spellcasting
 - Level 3.0 Hexes
 - Level 5.0 Charms
 - Level 3.0 Summonings
 - Level 3.0 Necromancy
 + Level 3.5 Evocations


You had 7 spell levels left.
You knew the following spells:

 Your Spells              Type           Power        Failure   Level  Hunger
a - Pain                  Necr           ####         1%          1    None
b - Spectral Weapon       Hex/Chrm       ####....     1%          3    ##.....
c - Regeneration          Chrm/Necr      ####......   1%          3    ##.....
d - Infusion              Chrm           ####         1%          1    None
e - Call Imp              Summ           ####....     1%          2    #......

Your spell library contained the following spells:

 Spells                   Type           Power        Failure   Level  Hunger
 Confusing Touch          Hex            ####..       1%          1    None
 Magic Dart               Conj           ###.         1%          1    None
 Corpse Rot               Necr           N/A          1%          2    #......
 Shroud of Golubria       Chrm/Tloc      ####......   1%          2    #......
 Slow                     Hex            ####....     1%          2    #......
 Song of Slaying          Chrm           #####...     1%          2    #......
 Sublimation of Blood     Necr           ####......   1%          2    #......
 Confuse                  Hex            ####....     1%          3    ##.....
 Vampiric Draining        Necr           ####......   1%          3    ##.....
 Blink                    Tloc           N/A          2%          2    #......
 Conjure Flame            Conj/Fire      ###.....     4%          3    ##.....
 Gell's Gravitas          Tloc           ###.......   4%          3    ##.....
 Mephitic Cloud           Conj/Pois/Air  ###.....     4%          3    ##.....
 Petrify                  Tmut/Erth      ###.....     13%         4    ####...
 Metabolic Englaciation   Hex/Ice        ###.......   19%         5    ######.
 Yara's Violent Unravell  Hex/Tmut       ###.......   19%         5    ######.


Dungeon Overview and Level Annotations

Branches:
Dungeon (8/15)             Temple (1/1) D:4
   Lair: D:8-11

Altars:
Ashenzari
Cheibriados
Dithmenos
Elyvilon
Fedhas
Gozag
Hepliaklqana
Kikubaaqudgha
Makhleb
Nemelex Xobeh
Okawaru
Qazlal
Ru
Sif Muna
Trog
Uskayaw
Vehumet
Wu Jian
Xom
Yredelemnul
Zin
The Shining One


Innate Abilities, Weirdness & Mutations

You can breathe blasts of noxious fumes.
Your lurid green scales are hard. (AC +7)
You cannot fit into any form of body armour.
Your system is resistant to poisons. (rPois)
You are cold-blooded and may be slowed by cold attacks.


Message History

The manticore claws you.
* * * LOW HITPOINT WARNING * * *
It was a potion of brilliance.
You feel clever all of a sudden. You block the manticore's attack.
The manticore barely misses you. You block the manticore's attack.
You completely miss the manticore.
The manticore is heavily wounded.
You block the manticore's attack. The manticore closely misses you. x2
It was a potion of might.
You feel very mighty all of a sudden. The manticore bites you!
* * * LOW HITPOINT WARNING * * *
The manticore claws you but does no damage.
You block the manticore's attack.
You hit the manticore.
The manticore is heavily wounded.
The manticore bites you!!
You die...
Kikubaaqudgha rasps: "You have failed me!
Welcome... death!"

#######......#
.........>.#..#.#
#..######..#<##.# #..#
##..#<# . #..# ##.....####.
..#..# #.........#.. #.#..#
#.......#.# # ######[#.H#
#....)#.#.#
..#......#.@####.....#.#.#
.>#......#.....#.<...ยง.#.#
#...........)..#####.###.#
#.............# #.....#
#.............###.#..####
#.................#..######
##...........####.#..#)...)
.. #......#.........#..#)####
...#......###########..#)####


You could see a manticore.

Vanquished Creatures
  A steam dragon (D:7)
  Edmund (D:6)
  A water moccasin (D:7)
  4 ice beasts
  2 orc warriors
  An eye of draining (D:8)
  A phantom (D:4)
  5 sky beasts
  2 ogres
  5 bullfrogs
  A gnoll sergeant (D:5)
  3 scorpions
  3 crimson imps
  2 orc priests (D:3)
  3 iguanas
  10 orc wizards
  Natasha (thrice) (D:2)
  2 worker ants
  A hound skeleton (D:5)
  2 worker ant zombies
  9 gnolls
  7 adders
  2 howler monkey zombies
  3 shadow imps
  A worm (D:2)
  3 dart slugs (D:1)
  7 leopard geckos
  20 orcs
  7 giant cockroaches
  8 goblins
  10 hobgoblins
  7 jackals
  13 kobolds
  5 quokkas
  11 bats
  13 frilled lizards
  A giant cockroach zombie (D:5)
  A leopard gecko skeleton (D:6)
  12 rats
193 creatures vanquished.

Vanquished Creatures (collateral kills)
  An ogre (D:8)
  A crimson imp (D:8)
  2 jellies
  A worker ant (D:8)
  An adder (D:7)
  An adder skeleton (D:7)
  An orc (D:7)
  A quokka (D:7)
9 creatures vanquished.

Vanquished Creatures (others)
  An orc wizard (D:5)
  2 spectral weapons
3 creatures vanquished.

Grand Total: 205 creatures vanquished

Notes
Turn   | Place    | Note
-------+----------+-------------------------------------------
     0 | D:1      | FishyPogo the Draconian Skald began the quest for the Orb.
     0 | D:1      | Reached XP level 1. HP: 17/17 MP: 3/3
   173 | D:1      | Reached XP level 2. HP: 21/25 MP: 0/5
   285 | D:1      | HP: 1/25 [hobgoblin/+0 club (4)]
   623 | D:1      | Reached XP level 3. HP: 24/30 MP: 3/6
  1451 | D:2      | Reached XP level 4. HP: 37/37 MP: 2/7
  1803 | D:2      | Noticed Natasha
  1815 | D:2      | Killed Natasha
  1958 | D:2      | Noticed Natasha
  1969 | D:2      | Killed Natasha
  1969 | D:2      | Reached XP level 5. HP: 26/45 MP: 6/8
  2078 | D:2      | Noticed Natasha
  2091 | D:2      | Killed Natasha
  2241 | D:2      | HP: 2/45 [poisoned by an adder]
  2249 | D:2      | HP: 2/45 [poisoned by an adder]
  2784 | D:3      | Learned a level 3 spell: Regeneration
  2887 | D:3      | Reached XP level 6. HP: 49/51 MP: 5/10
  3110 | D:3      | Reached skill level 1 in Necromancy
  3584 | D:4      | Noticed a sky beast
  3762 | D:4      | Found a staircase to the Ecumenical Temple.
  3796 | Temple   | Entered the Ecumenical Temple
  3868 | Temple   | Became a worshipper of Kikubaaqudgha
  4064 | D:4      | Your scales start taking on a lurid green colour.
  4064 | D:4      | Reached XP level 7. HP: 51/58 MP: 6/11
  4064 | D:4      | Gained mutation: Your system is resistant to poisons.
                  | (rPois) [Green Draconian growth]
  4264 | D:5      | Entered Level 5 of the Dungeon
  4366 | D:5      | Reached skill level 5 in Charms
  4518 | D:5      | Learned a level 3 spell: Spectral Weapon
  4550 | D:5      | Reached XP level 8. HP: 55/67 MP: 2/13
  4729 | D:5      | Reached skill level 1 in Axes
  4729 | D:5      | Reached skill level 1 in Hexes
  4786 | D:5      | Reached * piety under Kikubaaqudgha
  4786 | D:5      | Identified Kikubaaqudgha's Disquisition on Sinister Magic
                  | (Kikubaaqudgha gifted it to you on level 5 of the Dungeon)
  4786 | D:5      | Received a gift from Kikubaaqudgha
  4792 | D:5      | Learned a level 1 spell: Pain
  4828 | D:5      | Reached skill level 1 in Stealth
  5036 | D:5      | Learned a level 2 spell: Call Imp
  5120 | D:6      | Reached skill level 1 in Shields
  5120 | D:6      | Reached skill level 1 in Evocations
  5243 | D:6      | Noticed Edmund
  5247 | D:6      | Reached skill level 1 in Summonings
  5399 | D:6      | Killed Edmund
  5479 | D:6      | Found a shadowy altar of Dithmenos.
  5520 | D:6      | Reached XP level 9. HP: 44/72 MP: 8/15
  5867 | D:7      | Reached ** piety under Kikubaaqudgha
  6565 | D:8      | Reached skill level 5 in Dodging
  6665 | D:8      | Noticed a manticore
  6988 | D:8      | Reached skill level 5 in Fighting
  6997 | D:8      | Demolished by a manticore

Skill      XL: |  1  2  3  4  5  6  7  8  9 |
---------------+----------------------------+-----
Charms         | 3 4 5 |  5.0
Fighting       | 3 4 5 |  5.0
Polearms       | 3 4 |  4.1
Dodging        | 3 4 5 |  5.2
Necromancy     | 2 3 |  3.0
Spellcasting   | 3 4 |  4.5
Axes           | 2 4 |  4.0
Hexes          | 3 |  3.0
Stealth        | 1 |  1.1
Shields        | 2 4 |  4.0
Evocations     | 1 3 |  3.5
Summonings     | 1 3 |  3.0

Action                   |  1- 3 |  4- 6 |  7- 9 || total
-------------------------+-------+-------+-------++-------
Melee: Spear             |   145 |   366 |   105 ||   616
       Tailslap          |    16 |    32 |    46 ||    94
       Hand axe          |       |       |   255 ||   255
Throw: Stone             |       |    14 |     1 ||    15
 Cast: Infusion          |    13 |    19 |     8 ||    40
       Regeneration      |       |     3 |     2 ||     5
       Spectral Weapon   |       |       |    33 ||    33
       Call Imp          |       |       |    44 ||    44
       Pain              |       |       |    13 ||    13
 Abil: Breathe Noxious F |       |       |    12 ||    12
  Use: Scroll            |     3 |     1 |       ||     4
       Potion            |       |       |     2 ||     2
 Stab: Sleeping          |       |     1 |       ||     1
       Confused          |       |       |     9 ||     9
       Distracted        |       |       |     5 ||     5
  Eat: Chunk             |     2 |    10 |    17 ||    29
Armor: Skin              |    48 |    80 |    79 ||   207
Dodge: Dodged            |    81 |   186 |   183 ||   450
Block: Other             |       |       |    41 ||    41
       Buckler           |       |       |    35 ||    35
       Reflection        |       |       |     1 ||     1
